 Dungeon Crawl Stone Soup version 0.31-a0-801-gc67433417a (webtiles) character file.

Game seed: 8711367797433324814

63 Essalna the Conjurer (level 3, -1/24 HPs)
             Began as a Demonspawn Conjurer on Sept 20, 2023.
             Slain by Terence
             ... wielding a +0 flail
              (8 damage)
             ... on level 3 of the Dungeon.
             The game lasted 00:02:42 (1991 turns).

Essalna the Conjurer (Demonspawn Conjurer)          Turns: 1991, Time: 00:02:43

Health: -1/24      AC:  2    Str:  7    XL:     3   Next: 87%
Magic:  0/7        EV: 12    Int: 23    God:
Gold:   165        SH:  4    Dex: 11    Spells: 5/8 levels left

rFire   . . .        c - +0 dagger (drain)
rCold   . . .        (no shield)
rNeg    . . .        a - +0 robe
rPois   .            (no helmet)
rElec   .            (no cloak)
rCorr   .            (no gloves)
SInv    .            (no boots)
Will    .....        (no amulet)
Stlth   ++           (no ring)
HPRegen 0.24/turn    (no ring)
MPRegen 0.10/turn

%: no passive effects
@: no status effects
A: big brain 1, condensation shield
a: no special abilities


You were on level 3 of the Dungeon.
You visited 1 branch of the dungeon, and saw 3 of its levels.

You collected 165 gold pieces.

Inventory:

Hand Weapons
 c - a +0 dagger of draining (weapon)
Armour
 a - a +0 robe (worn)
Jewellery
 h - a ring of willpower
 k - a ring of fire
Scrolls
 f - 2 scrolls of amnesia {unknown}
 g - a scroll of enchant armour {unknown}
 i - a scroll of teleportation {unknown}
 j - a scroll of immolation {unknown}
 l - a scroll of identify {unknown}
Potions
 b - a potion of magic
 d - a potion of lignification {unknown}
 e - a potion of heal wounds {unknown}
 m - 2 potions of curing {unknown}
 n - a potion of brilliance {unknown}
 o - a potion of berserk rage {unknown}


   Skills:
 - Level 1.7 Dodging
 - Level 1.7 Stealth
 + Level 3.1 Spellcasting
 + Level 4.8 Conjurations


You had 5 spell levels left.
You knew the following spells:

 Your Spells              Type           Power      Damage    Failure   Level
a - Magic Dart            Conj           100%       1d8       1%          1
b - Searing Ray           Conj           50%        2d6       2%          2

Your spell library contained the following spells:

 Spells                   Type           Power      Damage    Failure   Level
 Necrotise                Necr           12%        1d4       12%         1
 Dazzling Flash           Conj/Hex       28%        N/A       13%         3
 Vampiric Draining        Necr           3%         2d6       34%         3
 Fulminant Prism          Conj/Hex       7%         3d7       38%         4
 Iskenderun's Mystic Bla  Conj/Tloc      14%        2d5       38%         4
 Agony                    Necr           3%         N/A       97%         5


Dungeon Overview and Level Annotations

Branches:
Dungeon (3/15)

Altars:

Annotations:
D:3 Terence


Innate Abilities, Weirdness & Mutations

You have an unusually large brain. (Int +2)
A meltable shield of frost defends you. (SH +4)


Message History

Hit: c) +0 dagger (drain)
Press: ? - help, Dir - move target, f/p - Terence
Aim: Terence, wielding a +0 flail and wearing a +3 chain mail of willpower (moderately wounded, heavily drained, about 32% to evade your +0 dagger of draining)
You hit Terence but do no damage.
Terence is moderately wounded.
You block Terence's attack.
Hit: c) +0 dagger (drain)
Press: ? - help, Dir - move target, f/p - Terence
Aim: Terence, wielding a +0 flail and wearing a +3 chain mail of willpower (moderately wounded, heavily drained, about 32% to evade your +0 dagger of draining)
You barely miss Terence.
Terence is moderately wounded.
Terence closely misses you.
Hit: c) +0 dagger (drain)
Press: ? - help, Dir - move target, f/p - Terence
Aim: Terence, wielding a +0 flail and wearing a +3 chain mail of willpower (moderately wounded, heavily drained, about 32% to evade your +0 dagger of draining)
You hit Terence but do no damage. You drain Terence.
Terence is heavily wounded.
Terence barely misses you.
Hit: c) +0 dagger (drain)
Press: ? - help, Dir - move target, f/p - Terence
Aim: Terence, wielding a +0 flail and wearing a +3 chain mail of willpower (heavily wounded, heavily drained, about 32% to evade your +0 dagger of draining)
You barely miss Terence.
Terence is heavily wounded.
Terence hits you with a +0 flail.
Hit: c) +0 dagger (drain)
Press: ? - help, Dir - move target, f/p - Terence
Aim: Terence, wielding a +0 flail and wearing a +3 chain mail of willpower (heavily wounded, heavily drained, about 32% to evade your +0 dagger of draining)
You hit Terence but do no damage. You drain Terence.
Terence is heavily wounded.
Terence hits you with a +0 flail!
* * * LOW HITPOINT WARNING * * *
Casting: Searing Ray (safe; 2% risk of failure)
Confirm with . or Enter, or press ? or * to list all spells.
Aiming: Magic Dart (safe; 1% risk of failure)
Press: ? - help, Shift-Dir - straight line, f/p - Terence
Aim: Terence, wielding a +0 flail and wearing a +3 chain mail of willpower (heavily wounded, heavily drained, 100% to hit)
The magic dart hits Terence but does no damage.
Terence is heavily wounded.
Terence hits you with a +0 flail!
You die...

#...# #...# #...####
#... #...#.. .##.. # ##
#...#.####.##.. .# ...
...........##.####.#...
...........##.##.....
...........##.##.#.#
#..†#.##.#.##...@..#
#...#......##....@.#
#...####.####.##.#.#
#...# #.........#.#
#.[.# ######.##.# #
....# #.##... ....#
#........ ..######
....##### .......#
###.#


You could see Terence (very drained).

Vanquished Creatures
  2 adders (D:2)
  2 dart slugs
  2 ball pythons (D:1)
  7 endoplasms
  5 giant cockroaches
  2 goblins
  3 hobgoblins
  3 jackals (D:1)
  3 kobolds
  A quokka (D:1)
  A bat (D:1)
  3 frilled lizards
  A rat (D:1)
35 creatures vanquished.

Vanquished Creatures (others)
  A ball python (D:1)
1 creature vanquished.

Grand Total: 36 creatures vanquished

Notes
Turn   | Place    | Note
-------+----------+-------------------------------------------
     0 | D:1      | Essalna the Demonspawn Conjurer began the quest for the
                  | Orb.
     0 | D:1      | Reached XP level 1. HP: 13/13 MP: 3/3
   341 | D:1      | Found a faded altar of an unknown god.
   390 | D:1      | Gained mutation: You have an unusually large brain. (Int
                  | +2) [demonic ancestry]
   390 | D:1      | Reached XP level 2. HP: 19/19 MP: 0/5
   758 | D:1      | Learned a level 2 spell: Searing Ray
  1192 | D:2      | Gained mutation: A meltable shield of frost defends you.
                  | (SH +4) [demonic ancestry]
  1192 | D:2      | Reached XP level 3. HP: 24/24 MP: 1/7
  1978 | D:3      | Noticed Terence
  1991 | D:3      | Slain by Terence

Illustrated notes

Levels and vault maps discovered:
D:1:      evilmike_arrival_plus, layout_basic, shapermc_ecumenical_altar_ellora,
          nrook_campfire, lemuel_flame_loot_1
D:2:      layout_basic, minmay_split_cup_small
D:3:      layout_loops_cross, mainiacjoe_overflow_boulevard,
          mainiacjoe_overflow_small_starburst, uniq_terence

Skill      XL: |  1  2  3 |
---------------+----------+-----
Spellcasting   | 3 |  3.1
Dodging        | |  1.7
Stealth        | |  1.7
Conjurations   | |  4.8

Action                     || total
---------------------------++-------
  Melee: Dagger            ||    27
   Cast: Magic Dart        ||    60
         Searing Ray       ||     2
 Armour: Robe              ||    16
  Dodge: Dodged            ||    25
  Block: Other             ||     1

Table legend: (Time is in decaauts)
 A = Elapsed time spent in this place.
 B = Non-inter-level travel time spent in this place.
 C = Inter-level travel time spent in this place.
 D = Time resting spent in this place.
 E = Time spent auto-exploring this place.
 F = Levels seen in this place.
 G = Mean time per level.
                   A        B        C        D        E       F      G
               +--------+--------+--------+--------+--------+-----+--------+
         Total |   1990 |   1959 |     31 |      0 |   1728 |   3 |  663.3 |
       Dungeon |   1990 |   1959 |     31 |      0 |   1728 |   3 |  663.3 |
               +--------+--------+--------+--------+--------+-----+--------+

Top non-repeatable levels by time:
     D:1: 1134 daAuts
     D:2: 755 daAuts
     D:3: 99 daAuts
